 Dungeon Crawl Stone Soup version 0.27-a0-909-g0721f309d1 (webtiles) character file.

Game seed: 1812994631409051992

11 EnegeticOcto the Magician (level 2, 7/21 HPs)
             Began as a Djinni Earth Elementalist on Apr 8, 2021.
             Quit the game on level 2 of the Dungeon.
             The game lasted 00:01:13 (204 turns).

EnegeticOcto the Magician (DjEE)                     Turns: 204, Time: 00:01:13

Health: 7/21       AC:  2    Str:  7    XL:     2   Next: 29%
Gold:   62         EV: 12    Int: 16    God:
                   SH:  0    Dex: 13

rFire    + + +     SeeInvis .   (no weapon)
rCold    . . .     Faith    .   (no shield)
rNeg     . . .     Spirit   .   c - +0 robe
rPois    ∞         Reflect  .   (no helmet)
rElec    +         Harm     .   (no cloak)
rCorr    +         Rampage  .   (no gloves)
Will     .....                  (boots unavailable)
Stlth    ++........             (no amulet)
HPRegen  0.07/turn              (no ring)
MPRegen  0.00/turn              (no ring)

@: resistant, flying
A: fire resistance 2, cold vulnerability 1, float, innate caster, hp casting,
extra vitality 1
a: no special abilities


You were on level 2 of the Dungeon.
You visited 1 branch of the dungeon, and saw 2 of its levels.

You collected 62 gold pieces.

Inventory:

Hand Weapons
 g - a +0 arbalest
   (You found it on level 2 of the Dungeon)
Missiles
 b - 14 stones
 f - 19 poisoned darts
Armour
 c - a +0 robe (worn)


   Skills:
 - Level 2.1 Dodging
 - Level 1.5 Stealth
 + Level 3.2 Spellcasting


You couldn't memorise any spells.
You knew the following spells:

 Your Spells              Type           Power      Damage    Failure   Level
a - Sandblast             Erth           26%        2d8       4%          1
b - Stone Arrow           Conj/Erth      26%        3d8       14%         3
c - Petrify               Tmut/Erth      13%        N/A       43%         4
d - Lee's Rapid Deconstr  Erth           6%         3d7*      78%         5
p - Passwall              Tmut/Erth      10%        N/A       7%          2
Your spell library was empty.

Dungeon Overview and Level Annotations

Branches:
Dungeon (2/15)

Altars:


Innate Abilities, Weirdness & Mutations

You are immune to poison.
Your flesh is very heat resistant. (rF++)
You are vulnerable to cold. (rC-)
You float through the air rather than walking.
You learn spells naturally, not from books.
Your magical power is your life essence.
You have superior vitality. (+4 HP)


Message History

Confirm with . or Enter, or press ? or * to list all spells.
Aiming: Sandblast (safe; 5% risk of failure)
Press: ? - help, Shift-Dir - straight line, f - ball python
Aim: a ball python (23% to evade)
The blast of sand hits the ball python.
You kill the ball python!
* * * LOW HITPOINT WARNING * * *
You see here 13 arrows.
You see here a +0 hunting sling.
Found 15 gold pieces.
Found 11 gold pieces.
You now have 25 gold pieces (gained 15).
You now have 36 gold pieces (gained 11).
Found 13 gold pieces.
You now have 49 gold pieces (gained 13).
A bat comes into view.
Found a stone staircase leading down.
Casting: Sandblast (safe; 4% risk of failure)
Confirm with . or Enter, or press ? or * to list all spells.
Aiming: Sandblast (safe; 4% risk of failure)
Press: ? - help, Shift-Dir - straight line, f - bat
Aim: a bat (asleep, 0% to evade)
The blast of sand hits the bat.
You kill the bat!
* * * LOW HITPOINT WARNING * * *
There is a stone staircase leading down here.
Okay, then.
You fly downwards.
A frilled lizard and a ball python come into view.
The ball python hisses angrily.
There is a stone staircase leading up here.
Casting: Sandblast (safe; 4% risk of failure)
Confirm with . or Enter, or press ? or * to list all spells.
Aiming: Sandblast (safe; 4% risk of failure)
Press: ? - help, Shift-Dir - straight line, f - frilled lizard
Aim: a frilled lizard (asleep, 0% to evade)
The blast of sand hits the frilled lizard!
You kill the frilled lizard!
* * * LOW HITPOINT WARNING * * *
You see here a frilled lizard corpse.
Casting: Sandblast (safe; 4% risk of failure)
Confirm with . or Enter, or press ? or * to list all spells.
Aiming: Sandblast (safe; 4% risk of failure)
Press: ? - help, Shift-Dir - straight line, f - ball python
Aim: a ball python (23% to evade)
The blast of sand hits the ball python!
You kill the ball python!
* * * LOW HITPOINT WARNING * * *
Found a stone staircase leading up.
Found an arbalest.
Found an escape hatch in the ceiling.
Found a stone staircase leading down.
There is a stone staircase leading up here.
You fly upwards.
There is a stone staircase leading down here.
You fly downwards.
There is a stone staircase leading up here.
You see here a +0 arbalest.
g - a +0 arbalest
There is a stone staircase leading up here.
You fly upwards.
There is a stone staircase leading down here.
Found 8 gold pieces.
A bat comes into view.
You see here 8 gold pieces.
The bat hits you.
* * * LOW HITPOINT WARNING * * *
The bat hits you.
* * * LOW HITPOINT WARNING * * *
The bat hits you but does no damage.
Casting: Sandblast (safe; 4% risk of failure)
Confirm with . or Enter, or press ? or * to list all spells.
Aiming: Sandblast (safe; 4% risk of failure)
Press: ? - help, Shift-Dir - straight line, f - bat
Aim: a bat (31% to evade)
The blast of sand hits the bat.
You kill the bat!
* * * LOW HITPOINT WARNING * * *
You now have 57 gold pieces (gained 8).
(D) Dungeon
Where to? (? - help)
There is a stone staircase leading down here.
You fly downwards.
There is a stone staircase leading up here.
There is a stone staircase leading down here.
An endoplasm and an orc come into view.
An orc wizard comes into view. It is wielding a +0 dagger.
Found a scroll labelled VIROVOSTRED.
An orc comes into view. It is wielding a +0 club.
The orc shouts!
As you read the scroll labelled PIVVEMPIAN, it crumbles to dust.
You feel strangely unstable.
It was a scroll of teleportation.
As you read the scroll labelled QEUZOFA QE IMP, it crumbles to dust.
The creatures around you are filled with an inner flame!
It was a scroll of immolation.
Your surroundings suddenly seem different.
Found 5 gold pieces.
You now have 62 gold pieces (gained 5).
It was a potion of resistance.
You feel protected.
Are you sure you want to abandon this character and quit the game? (Confirm with "yes".)

#########
#.......#
#.#####.#
#.#####.##
#@##.....#######
#.##.##...##...
#......###.#.##.#
####.#. #......#
# #.###.#.####
##...##.#
######.. ####


There were no monsters in sight!

Vanquished Creatures
  3 ball pythons
  2 bats (D:1)
  2 goblins (D:1)
  A hobgoblin (D:1)
  2 frilled lizards
  A rat (D:1)
11 creatures vanquished.

Notes
Turn   | Place    | Note
-------+----------+-------------------------------------------
     0 | D:1      | EnegeticOcto the Djinni Earth Elementalist began the quest
                  | for the Orb.
     0 | D:1      | Reached XP level 1. HP: 15/15 MP: 0/0
    51 | D:1      | Reached skill level 3 in Spellcasting
    73 | D:1      | Reached XP level 2. HP: 5/21 MP: 0/0
   204 | D:2      | Quit the game

Illustrated notes

Levels and vault maps discovered:
D:1:      lightli_arrival_flooded_house, layout_loops_cross,
          ebering_ecumenical_altar_box, minmay_split_cup_large
D:2:      layout_loops_cross, kennysheep_generic_room_15, uniq_sigmund

Skill      XL: |  1 |
---------------+----+-----
Spellcasting   | 3 |  3.2
Dodging        | |  2.1
Stealth        | |  1.5

Action                   || total
-------------------------++-------
 Cast: Sandblast         ||    16
  Use: Scroll            ||     2
       Potion            ||     1
Armor: Robe              ||     1
Dodge: Dodged            ||     5

Table legend: (Time is in decaauts)
 A = Elapsed time spent in this place.
 B = Non-inter-level travel time spent in this place.
 C = Inter-level travel time spent in this place.
 D = Time resting spent in this place.
 E = Time spent auto-exploring this place.
 F = Levels seen in this place.
 G = Mean time per level.
                   A        B        C        D        E       F      G
               +--------+--------+--------+--------+--------+-----+--------+
         Total |    205 |    202 |      3 |      0 |      0 |   2 |  102.5 |
       Dungeon |    205 |    202 |      3 |      0 |      0 |   2 |  102.5 |
               +--------+--------+--------+--------+--------+-----+--------+

Top non-repeatable levels by time:
     D:1: 139 daAuts
     D:2: 66 daAuts
